 Dungeon Crawl Stone Soup version 0.22-a0-605-g9281fa2 (webtiles) character file.

2046183 kuniqs the Talismancer (level 27, 298/298 HPs)
             Began as a Deep Dwarf Fighter on July 8, 2018.
             Was the Champion of Makhleb.
             Escaped with the Orb
             ... and 3 runes!
             The game lasted 02:01:24 (50974 turns).

kuniqs the Talismancer (Deep Dwarf Fighter)        Turns: 50974, Time: 02:01:25

Health: 298/298    AC: 48    Str: 27    XL:     27
Magic:  21/21      EV: 24    Int:  9    God:    Makhleb [******]
Gold:   3952       SH: 35    Dex: 21    Spells: 26/26 levels left

rFire    + + +     SeeInvis .   a - +8 broad axe (freeze)
rCold    + + +     Gourm    .   T - +5 large shield {AC+3}
rNeg     + + .     Faith    .   I - +9 plate armour of Immorality {rC++}
rPois    +         Spirit   .   Z - +2 hat "Wyuv" {rF++ Regen+ Str-3 Dex+2}
rElec    +         Reflect  .   X - +2 ratskin cloak {+Rats rPois rN+ Str-1 Int-1 Dex+1}
rCorr    .         Harm     .   V - +2 pair of gloves {archery}
MR       +++++     Clarity  +   l - +0 pair of boots "Fenoqask" {rF+ Int+3} Stlth ..........NoTele +
                                P - amulet "Poczerph" {Acrobat -Tele rElec MR++ Dex+4}
HPRegen  0.00/turn              d - +4 ring of protection
MPRegen  0.17/turn              n - +6 ring of evasion

@: non-regenerating
A: damage resistance, heal wounds, talons 1, large bone plates 2, agile 1,
blurry vision 1, clarity, cold resistance 1, dopey 2, negative energy resistance
1, sense surroundings 3, MP-powered wands, no regeneration
0: Orb of Zot
}: 3/15 runes: serpentine, barnacled, silver
a: Heal Wounds, Minor Destruction, Lesser Servant of Makhleb, Major Destruction,
Greater Servant of Makhleb, Renounce Religion, Evoke Ratskin


You escaped.
You worshipped Makhleb.
Makhleb was exalted by your worship.
You were full.

You visited 10 branches of the dungeon, and saw 50 of its levels.
You also visited: Ossuary, Ice Cave and Desolation.

You collected 9842 gold pieces.
You spent 5890 gold pieces at shops.

Inventory:

Hand Weapons
 a - a +8 broad axe of freezing (weapon)
 D - the +5 hand axe of Becleagg {elec, -Tele +Rage rElec Stlth+}
   (You bought it in a shop on level 13 of the Dungeon)

   Occasionally, upon striking a foe, it will discharge some electrical energy
   and cause terrible harm.
   It insulates you from electricity.
   It lets you go berserk.
   It prevents most forms of teleportation.
   It makes you more stealthy.
Armour
 l - the +0 pair of boots "Fenoqask" (worn) {rF+ Int+3}
   (You found it on level 2 of the Lair of Beasts)

   It affects your intelligence (+3).
   It protects you from fire.
 I - the +9 plate armour of Immorality (worn) {rC++}
   (You bought it in a shop on level 1 of the Vaults)

   It greatly protects you from cold.
 T - a +5 large shield of protection (worn)
 V - a +2 pair of gloves of archery (worn)
 X - the +2 ratskin cloak (worn) {+Rats rPois rN+ Str-1 Int-1 Dex+1}
   (You found it on level 2 of the Lair of Beasts)

   It affects your strength (-1).
   It affects your intelligence (-1).
   It affects your dexterity (+1).
   It protects you from poison.
   It protects you from negative energy.
 Z - the +2 hat "Wyuv" (worn) {rF++ Regen+ Str-3 Dex+2}
   (You found it on level 1 of the Depths)

   It affects your strength (-3).
   It affects your dexterity (+2).
   It greatly protects you from fire.
   It increases your rate of regeneration.
Jewellery
 d - a +4 ring of protection (left hand)
 n - a +6 ring of evasion (right hand)
 P - the amulet "Poczerph" (around neck) {Acrobat -Tele rElec MR++ Dex+4}
   (You found it on level 5 of the Vaults)

   [amulet of the acrobat]

   It helps you evade while moving and waiting.
   It affects your dexterity (+4).
   It insulates you from electricity.
   It affects your resistance to hostile enchantments.
   It prevents most forms of teleportation.
Wands
 o - a wand of enslavement (20)
 t - a wand of paralysis (32)
 y - a wand of disintegration (41)
 F - a wand of flame (59)
 H - a wand of scattershot (14)
 J - a wand of acid (11)
 M - a wand of polymorph (14)
 N - a wand of iceblast (48)
 U - a wand of clouds (19)
 W - a wand of digging (52)
Scrolls
 c - 4 scrolls of silence
 e - 13 scrolls of blinking
 h - 3 scrolls of holy word
 m - 6 scrolls of fear
 q - 24 scrolls of teleportation
 w - 25 scrolls of remove curse {@r2}
 x - 4 scrolls of vulnerability
 z - 8 scrolls of immolation
 B - 2 scrolls of magic mapping
 E - 3 scrolls of summoning
 O - 10 scrolls of fog
 R - 7 scrolls of identify {@r1}
Potions
 b - 4 potions of mutation
 i - 13 potions of agility
 k - 10 potions of curing {@q1}
 p - 6 potions of might
 r - 5 potions of resistance
 u - 5 potions of invisibility
 v - 6 potions of ambrosia
 A - 14 potions of heal wounds
 G - 6 potions of haste
 L - 5 potions of cancellation
Miscellaneous
 g - a fan of gales
 s - 11 boxes of beasts
 C - a phial of floods
 K - 2 sacks of spiders
 Q - a phantom mirror
 S - a lightning rod (4/4)
 Y - a lamp of fire
Comestibles
 f - 107 rations


   Skills:
 O Level 27 Fighting
 - Level 18.0 Axes
 - Level 22.0 Armour
 + Level 14.1 Dodging
 - Level 20.0 Shields
 - Level 0.3 Spellcasting
 - Level 8.0 Invocations
 O Level 27 Evocations


You had 26 spell levels left.
You didn't know any spells.
Your spell library was empty.

Dungeon Overview and Level Annotations

Branches:
Dungeon (15/15)            Temple (1/1) D:6            Lair (6/6) D:8
 Shoals (4/4) Lair:2        Snake (4/4) Lair:2        Slime (0/5) Lair:5
    Orc (2/2) D:9             Elf (3/3) Orc:2        Vaults (5/5) D:13
  Crypt (0/3) Vaults:2     Depths (5/5) D:15            Zot (5/5) Depths:5

Altars:
Ashenzari
Dithmenos
Fedhas
Gozag
Hepliaklqana
Kikubaaqudgha
Makhleb
Okawaru
Qazlal
Ru
Sif Muna
Uskayaw
Vehumet
Wu Jian
Yredelemnul
Zin
The Shining One
Beogh
Jiyva

Shops:
D:7 (   D:13 (   Orc:2 [*(:   Elf:1 [   Elf:2 }   Shoals:4 [   Vaults:1 [
Depths:1 =}   Depths:2 !   Depths:5 (}

Portals:
Hell: Depths:1 Depths:2 Depths:3 Depths:4 Depths:5
Abyss: Depths:1 Depths:2 Depths:4
Pandemonium: Depths:3
Ziggurat: Depths:1

Annotations:
D:1 exclusion: downstairs
D:3 3 runed doors, soark's ghost, amateur DsGl
D:6 3 runed doors, Mamutox's ghost, novice TrBe; galech's ghost, novice OgBe; sking99's ghost, novice DrTm
D:7 2 runed doors, Soeti's ghost, novice CeHu
D:8 exclusions: statue and 1 more exclusion
D:12 exclusion: oklob plant
D:14 exclusion: orange crystal statue
Lair:1 exclusion: oklob plant
Lair:6 exclusion: oklob plant
Snake:3 exclusion: Roxanne, Roxanne
Elf:2 3 runed doors
Vaults:3 3 runed doors, Exkageocw's ghost, adept DECj
Vaults:4 2 runed doors, Erid's ghost, adept DDFi
Depths:3 1 runed door, Deseum's ghost, veteran DEFE
Zot:4 1 runed door, 1 exclusion, Wehose's ghost, master GnSk


Innate Abilities, Weirdness & Mutations

You are resistant to damage.
You can heal yourself by infusing magical energy.
You resist negative energy. (rN+)
You passively map a large area around you.
You do not regenerate.
You have sharp toenails.
You are mostly covered in large bone plates. (SH +6)
You are agile. (Dex +2)
Scrolls take you a little longer to read.
You possess an exceptional clarity of mind.
Your flesh is cold resistant. (rC+)
You are very dopey. (Int -4)
You expend magic power (3 MP) to strengthen your wands.


Message History

Level annotation: 3 run'd doors, soark's ghost, amateur DsGl Thar be a stone staircase leadin' down 'ere.
(D) Dungeon (T) Temple (L) Lair (A) Shoals (P) Snake Pit (M) Slime Pits (O) Orcish Mines (E) Elv'n Halls (V) Vaults (C) Crypt (U) Depths (H) Hell (Z) Zot Where ta? (Enter - D:1, ? - help) Items 'ere: ))) [[ a leathar armour; a dagger; a leathar armour; a club; a flail Thar be a stone staircase leadin' up, spatt'red wit' blood 'ere.
Ye climb upwards.
Thar be a stone staircase leadin' down, spatt'red wit' blood 'ere.
Thin's tha be 'ere: a club; a dagger Thar be a stone staircase leadin' up 'ere.
Ye climb upwards.
Level annotation: 'sclusion: downstairs Thar be a stone staircase leadin' down 'ere.
Thar be a staircase leadin' outta tha dungeon 'ere.
Ye haf 'scaped!

.................##.# #...# #.
..#..#.##.##..#####.# #...# #.
)......##....[...##.# #...# #.
.#.#.#######.>...##.# #...#####.
...................## #.#.......
####.######......8.########.#####
#.#.............≈≈≈# ##.#
#.#.###......§.§≈≈≈#####.## #.#.#
#..8..8@§≈§≈>##.#.## #.#.#
##.......§≈≈≈###..# #.#.#
##....§..≈≈≈# ##.# ###.#.#
##....8.#### #.###### #.....#
##.....# #....... #.##.## ##.####
######## #.##.# #.# #.##.# #.#
####### ##.##.# #.# #......


There were no monsters in sight!

Vanquished Creatures
  4 orbs of fire
  A juggernaut (Depths:5)
  5 ancient liches
  Bai Suzhen (Elf:3)
  2 Killer Klowns
  Vashnia (Snake:4)
  2 pandemonium lords
  6 caustic shrikes (Depths:3)
  Saint Roka (Vaults:4)
  2 curse toes (Zot:5)
  Nikola (Depths:1)
  13 golden dragons
  A profane servitor (Depths:5)
  2 bone dragons
  9 liches
  Jorgrun (Vaults:4)
  5 electric golems
  19 tentacled monstrosities
  20 Orb Guardians
  3 deep elf master archers (Elf:3)
  11 quicksilver dragons
  4 titans
  A deep elf blademaster (Elf:3)
  Frances (D:12)
  6 sphinxes
  6 krakens
  Agnes (D:15)
  5 tengu reavers
  8 death cobs
  9 shadow dragons
  6 draconian monks
  18 storm dragons
  5 nagarajas (Snake:4)
  Ilsuiw (Shoals:3)
  7 fire giants
  11 frost giants
  2 orc warlords
  2 draconian knights
  19 vault wardens
  5 deep elf sorcerers
  5 iron dragons
  2 ghost moths
  A juggernaut zombie (Depths:3)
  4 draconian shifters
  A spriggan defender (Depths:5)
  A balrug (Depths:5)
  An angel (Depths:5)
  3 draconian scorchers
  6 deep elf elementalists
  4 draconian stormcallers
  19 ironheart preservers
  A ghoul (Vaults:2)
  24 very ugly things
  5 green draconians
  6 draconian annihilators
  A reaper (D:10)
  27 stone giants
  3 war gargoyles (Vaults:5)
  4 vampire knights
  7 deep elf demonologists
  2 halazid warlocks (Desolation)
  9 red draconians
  12 deep elf annihilators
  10 purple draconians
  14 white draconians
  5 black draconians
  7 spark wasps (Depths:3)
  19 yellow draconians
  A blizzard demon (Zot:5)
  2 crystal guardians (Desolation)
  10 deep elf death magi
  17 ettins
  12 merfolk impalers
  3 merfolk javelineers
  6 deep elf high priests
  12 fire dragons
  5 ragged hierophants (Desolation)
  A jiangshi (Vaults:2)
  5 rakshasas
  4 servants of whispers (Desolation)
  12 yaktaur captains
  4 peacekeepers (Desolation)
  12 naga warriors
  17 ice dragons
  13 great orbs of eyes
  A hell beast (Depths:5)
  10 centaur warriors
  31 vault guards
  9 hydras
  6 spriggan air magi
  2 alligator snapping turtles
  A death knight (Vaults:3)
  9 anacondas
  A catoblepas (Depths:4)
  4 merfolk aquamancers
  11 dancing weapons
  19 ogre magi
  9 deep troll earth magi
  6 orc high priests
  4 tengu warriors
  47 two-headed ogres
  4 death yaks (Lair:5)
  8 spriggan berserkers
  2 vampire magi
  9 naga sharpshooters
  7 shock serpents
  A shock serpent (shapeshifter) (Vaults:1)
  6 deep troll shamans
  5 hell knights (Vaults:5)
  Sonja (D:12)
  Nergalle (D:12)
  A shadow wraith (Vaults:3)
  3 sun demons (Depths:5)
  2 soul eaters
  2 iron trolls
  A large abomination (Elf:3)
  9 skeletal warriors
  17 deep elf knights
  5 salamander mystics
  A storm dragon skeleton (Vaults:3)
  3 unseen horrors
  10 sea snakes
  A golden dragon zombie (Depths:3)
  2 unseen horrors (shapeshifter)
  42 deep trolls
  3 flayed ghosts
  11 naga ritualists
  An infernal demonspawn (Depths:5)
  6 wizards
  24 deep elf archers
  A glowing orange brain (Depths:1)
  A lindwurm (Lair:2)
  2 lindwurms (shapeshifter)
  4 phantasmal warriors (Vaults:5)
  28 ironbrand convokers
  4 necromancers
  25 harpies
  A kraken simulacrum (Shoals:4)
  An orb spider (shapeshifter) (Elf:3)
  A tengu skeleton (Vaults:3)
  2 harpies (shapeshifter)
  A shining eye (Depths:1)
  A mana viper (shapeshifter) (Depths:3)
  20 orc knights
  2 human zombies (Vaults:3)
  44 ugly things
  7 cyclopes
  3 wolf spiders
  8 mana vipers
  11 orc sorcerers
  A wolf spider (shapeshifter) (Vaults:1)
  An oklob plant (Orc:1)
  71 deep elf magi
  10 manticores
  23 moths of wrath
  4 fauns (Shoals:1)
  3 manticores (shapeshifter)
  18 elephants
  A shining eye (shapeshifter) (Vaults:5)
  An elephant (shapeshifter) (Vaults:5)
  11 salamanders
  7 merfolk sirens
  A black mamba (shapeshifter) (Vaults:4)
  2 smoke demons
  A molten gargoyle (Desolation)
  14 guardian serpents
  12 vault sentinels
  2 eyes of devastation (Depths:1)
  A fire giant skeleton (Depths:3)
  5 water nymphs
  A guardian serpent (shapeshifter) (Depths:1)
  23 black mambas
  A torpor snail (Lair:5)
  16 naga magi
  3 gargoyles (Depths:4)
  17 spiny frogs
  A spriggan zombie (Depths:1)
  A yaktaur zombie (Vaults:3)
  8 ice devils (IceCv)
  A kobold demonologist (D:12)
  A rime drake (Lair:1)
  A rime drake (shapeshifter) (Depths:3)
  A komodo dragon (shapeshifter) (Depths:3)
  4 komodo dragons
  6 freezing wraiths
  A yaktaur (shapeshifter) (Vaults:1)
  48 yaktaurs
  3 tengu conjurers
  3 anaconda simulacra (IceCv)
  8 hornets
  30 merfolk
  A red devil (Depths:5)
  3 small abominations
  3 meliai (Lair:5)
  3 hornets (shapeshifter)
  A meliai (shapeshifter) (D:14)
  3 trolls (shapeshifter)
  A tyrant leech (Lair:6)
  A queen bee (Lair:5)
  2 trolls
  3 wind drakes
  22 blink frogs
  38 saltlings (Desolation)
  10 snapping turtles
  26 slime creatures
  8 dream sheep
  A fire giant simulacrum (Depths:3)
  Sigmund (D:3)
  4 flying skulls (D:10)
  16 hippogriffs
  2 air elementals
  19 water elementals
  A fire dragon skeleton (Depths:1)
  A vampire (D:11)
  2 dire elephant simulacra (IceCv)
  A hog (shapeshifter) (Depths:3)
  7 shadows
  6 spriggans
  3 wyverns
  A deep troll skeleton (Depths:1)
  8 redbacks (Elf:2)
  50 yaks
  2 basilisks (Lair:2)
  5 wraiths
  A fire elemental (Elf:2)
  6 vampire mosquitoes
  A chaos spawn (Zot:2)
  2 hungry ghosts (D:15)
  2 harpy simulacra (IceCv)
  A warg (shapeshifter) (Vaults:4)
  2 wargs
  3 acid dragons
  62 nagas
  3 hydra simulacra (IceCv)
  2 water moccasins (shapeshifter)
  5 porcupines
  2 hell hounds (Depths:4)
  12 water moccasins
  3 phantoms
  An ice beast (shapeshifter) (Depths:5)
  4 sky beasts
  2 black bears
  2 ice beasts (D:14)
  A hornet zombie (D:14)
  61 orc warriors
  A black bear (shapeshifter) (D:15)
  42 ogres
  8 boggarts
  6 wolves (Lair:4)
  12 centaurs
  11 crocodiles
  A big kobold (D:8)
  15 bullfrogs
  A gnoll sergeant (D:11)
  A wyvern zombie (D:13)
  3 earth elementals
  2 wyvern skeletons (D:10)
  5 scorpions
  2 water moccasin skeletons
  43 killer bees
  An orc simulacrum (Vaults:1)
  An elf simulacrum (Vaults:2)
  6 wights
  2 electric eels
  12 howler monkeys
  10 crimson imps
  5 bullfrog zombies
  6 centaur zombies
  5 hounds
  3 jellies
  3 centaur skeletons
  31 orc priests
  4 bullfrog skeletons (D:10)
  2 iguanas
  A hell rat (Lair:5)
  Terence (D:3)
  6 worker ants
  46 orc wizards
  A killer bee zombie (D:10)
  9 mummies
  2 hound zombies
  A hound skeleton (D:10)
  2 worker ant zombies
  19 adders
  2 gnolls (D:11)
  2 howler monkey skeletons (D:10)
  8 shadow imps
  3 white imps (D:7)
  An ooze (D:1)
  3 adder zombies
  3 adder skeletons
  A worm (D:2)
  A dart slug (D:1)
  4 leopard geckos
  147 orcs
  6 giant cockroaches
  2 gnoll zombies (Ossuary)
  12 hobgoblins
  9 jackals
  3 quokkas
  A ball python (D:3)
  7 bats
  5 frilled lizards
  A giant cockroach zombie (D:2)
  8 goblins
  2 hobgoblin zombies (Ossuary)
  2 jackal zombies (D:2)
  4 kobolds
  A kobold zombie (Ossuary)
  3 orc zombies (Ossuary)
  12 rats
  8 crawling corpses
  12 plants
  16 tentacles
2512 creatures vanquished.

Vanquished Creatures (collateral kills)
  An ancient lich (Zot:5)
  2 orbs of fire (Zot:5)
  Mara (Depths:1)
  2 caustic shrikes (Depths:3)
  A tentacled monstrosity (Zot:5)
  3 Orb Guardians (Zot:5)
  An Ice Fiend (IceCv)
  A fire giant (Depths:1)
  A draconian knight (Zot:5)
  A frost giant (Vaults:5)
  2 white draconians (Zot:5)
  A purple draconian (Zot:5)
  An ice dragon (Depths:3)
  A hydra (Lair:2)
  A two-headed ogre (D:11)
  A deep troll shaman (Depths:5)
  A soul eater (Zot:5)
  A lindwurm (Lair:2)
  4 elephants
  An ugly thing (D:10)
  A black mamba (Lair:5)
  14 spiny frogs
  3 komodo dragons
  A freezing wraith (Vaults:5)
  4 merfolk (Lair:2)
  A polar bear (Lair:3)
  A tyrant leech (Lair:6)
  12 blink frogs
  A slime creature (Depths:3)
  A hippogriff (Lair:2)
  A wyvern (D:11)
  3 yaks (D:12)
  A wraith (D:10)
  3 vampire mosquitoes (Lair:6)
  An acid dragon (D:11)
  A water moccasin (Lair:2)
  2 orc warriors (D:11)
  A wolf (Lair:5)
  2 centaurs
  A crocodile (Lair:6)
  7 bullfrogs
  6 killer bees
  2 electric eels (Lair:6)
  2 orc wizards
  A worker ant (D:12)
  3 gnolls (D:11)
  An adder (D:10)
  8 orcs
  A jackal (D:11)
  3 plants (Lair:6)
  3 tentacles (Shoals:3)
120 creatures vanquished.

Vanquished Creatures (others)
  A caustic shrike (Depths:5)
  A death cob (Zot:4)
  A fire giant (Depths:5)
  2 stone giants (Vaults:4)
  A black draconian (Zot:5)
  A white draconian (Zot:5)
  A merfolk impaler (Shoals:3)
  4 merfolk javelineers
  A merfolk aquamancer (Shoals:1)
  10 naga sharpshooters
  A naga ritualist (Snake:4)
  A deep elf archer (Vaults:2)
  2 lindwurms (Lair:2)
  A deep elf mage (Elf:1)
  A faun (Shoals:1)
  3 cyclopes
  A salamander (Snake:2)
  A manticore (Shoals:3)
  2 guardian serpents
  8 yaktaurs
  3 merfolk (Shoals:3)
  3 nagas
  6 centaurs
  An orc wizard (Orc:2)
  8 bushes (Lair:6)
  28 fungi
  53 plants
  67 tentacles
  2 withered plants (D:6)
215 creatures vanquished.

Grand Total: 2847 creatures vanquished

Notes
Turn   | Place    | Note
-------+----------+-------------------------------------------
     0 | D:1      | kuniqs the Deep Dwarf Fighter began the quest for the Orb.
     0 | D:1      | Reached XP level 1. HP: 20/20 MP: 1/1
   229 | D:1      | Reached XP level 2. HP: 27/27 MP: 2/2
   518 | D:1      | Reached skill level 1 in Dodging
   621 | D:2      | Reached XP level 3. HP: 29/33 MP: 3/3
   764 | D:3      | Reached XP level 4. HP: 38/42 MP: 3/3
   779 | D:3      | Noticed Sigmund
   794 | D:3      | Killed Sigmund
   794 | D:3      | Reached XP level 5. HP: 23/49 MP: 3/3
   798 | D:3      | Reached XP level 6. HP: 45/56 MP: 4/4
  1079 | D:2      | Found an iron altar of Okawaru.
  1634 | D:3      | Found a runed gate.
  1680 | D:3      | Noticed Terence
  1695 | D:3      | Killed Terence
  1725 | D:3      | Reached XP level 7. HP: 48/64 MP: 5/5
  2019 | D:3      | Found a runed gate.
  2020 | D:3      | Found a runed gate.
  2022 | D:3      | Noticed soark's ghost (amateur DsGl)
  2187 | D:4      | Found a sacrificial altar of Ru.
  2199 | D:4      | Reached skill level 5 in Shields
  2216 | D:4      | Found a hide-covered altar of Uskayaw.
  2316 | D:4      | Reached skill level 5 in Armour
  2754 | D:5      | Entered Level 5 of the Dungeon
  2760 | D:5      | Found a sand-covered staircase.
  2774 | Ossuary  | Entered an ossuary
  3111 | D:5      | Found a runed door.
  3114 | D:5      | Found a roughly hewn altar of Beogh.
  3252 | D:5      | Reached XP level 8. HP: 49/73 MP: 2/2
  3264 | D:5      | Reached skill level 5 in Axes
  4112 | D:6      | Found a staircase to the Ecumenical Temple.
  4121 | Temple   | Entered the Ecumenical Temple
  4261 | Temple   | Became a worshipper of Makhleb the Destroyer
  4304 | D:6      | You fall through a shaft for 2 floors!
  4308 | D:8      | Noticed a two-headed ogre
  4326 | D:8      | Found a staircase to the Lair.
  4326 | D:8      | Noticed a komodo dragon
  4384 | D:7      | Reached skill level 5 in Fighting
  4481 | D:6      | Reached skill level 1 in Invocations
  4528 | D:6      | Found a runed gate.
  4528 | D:6      | Found a runed gate.
  4528 | D:6      | Found a runed gate.
  4528 | D:6      | Noticed galech's ghost (novice OgBe)
  4529 | D:6      | Noticed sking99's ghost (novice DrTm)
  4529 | D:6      | Noticed Mamutox's ghost (novice TrBe)
  4530 | D:6      | Noticed sking99's ghost (novice DrTm)
  4752 | D:6      | Reached skill level 5 in Dodging
  4941 | D:7      | Found Toicufeech's Weapon Boutique.
  5107 | D:7      | Found a shadowy altar of Dithmenos.
  5172 | D:7      | Gained mutation: You passively map the area around you. [Deep Dwarf growth]
  5172 | D:7      | Reached XP level 9. HP: 51/81 MP: 5/5
  5349 | D:7      | Reached * piety under Makhleb
  5398 | D:7      | Found a large runed door.
  5399 | D:7      | Found a large runed door.
  5406 | D:7      | Noticed Soeti's ghost (novice CeHu)
  5487 | D:7      | Found a hazy altar of Hepliaklqana.
  5572 | D:8      | Found an ornate altar of the Wu Jian Council.
  5663 | D:8      | Reached skill level 1 in Evocations
  5737 | D:8      | Killed a two-headed ogre
  5764 | D:8      | Killed a komodo dragon
  5817 | D:8      | Reached skill level 5 in Invocations
  5852 | D:8      | Found a radiant altar of Vehumet.
  5993 | D:8      | Reached ** piety under Makhleb
  6096 | D:8      | Reached XP level 10. HP: 54/91 MP: 6/6
  6245 | D:9      | Paralysed by a hornet for 2 turns
  6642 | D:9      | Found a staircase to the Orcish Mines.
  6918 | D:9      | Found a glowing golden altar of the Shining One.
  7133 | D:10     | Entered Level 10 of the Dungeon
  7420 | D:10     | Reached *** piety under Makhleb
  7435 | D:10     | Reached skill level 5 in Evocations
  7553 | D:10     | Reached XP level 11. HP: 64/99 MP: 7/9
  7595 | D:10     | Noticed a necromancer
  7602 | D:10     | Noticed a two-headed ogre
  7621 | D:10     | Killed a necromancer
  7658 | D:10     | Killed a two-headed ogre
  7868 | D:10     | Reached **** piety under Makhleb
  7881 | D:10     | Noticed a white ugly thing
  7920 | D:10     | Killed a white ugly thing
  8174 | D:11     | Noticed a two-headed ogre
  8184 | D:11     | Killed a two-headed ogre
  8259 | D:11     | Found a stormy altar of Qazlal.
  8511 | D:11     | Noticed a seven-headed hydra
  8526 | D:11     | Killed a ten-headed hydra
  9091 | D:7      | Bought the +8 whip of the Abyss {speed, MR++ Int-2} for 939 gold pieces
  9143 | Lair:1   | Entered Level 1 of the Lair of Beasts
  9499 | Lair:1   | Noticed an oklob plant
 10006 | Lair:2   | Reached XP level 12. HP: 103/110 MP: 6/6
 10041 | Lair:2   | Found a staircase to the Snake Pit.
 10134 | Lair:2   | Found a staircase to the Shoals.
 10467 | Lair:2   | Got a pair of jewelled boots
 10477 | Lair:2   | Noticed a six-headed hydra
 10488 | Lair:2   | Killed a six-headed hydra
 10488 | Lair:2   | Reached skill level 10 in Shields
 10894 | Lair:2   | Reached skill level 10 in Armour
 10958 | Lair:2   | Found the +2 ratskin cloak {+Rats rPois rN+ Str-1 Int-1 Dex+1}
 10991 | Lair:2   | Gained mutation: You are dopey. (Int -2) [potion of mutation]
 10991 | Lair:2   | Gained mutation: You are agile. (Dex +2) [potion of mutation]
 11038 | Lair:2   | RATS
 11075 | Lair:3   | Identified the +0 pair of boots "Fenoqask" {rF+ Int+3} (You found it on level 2 of the Lair of Beasts)
 12049 | Lair:4   | Reached skill level 10 in Axes
 12562 | Lair:5   | Reached XP level 13. HP: 120/120 MP: 4/4
 12562 | Lair:5   | Reached skill level 10 in Dodging
 12878 | Lair:5   | Found a staircase to the Slime Pits.
 12879 | Lair:5   | Found a viscous altar of Jiyva.
 13187 | Lair:5   | Reached ***** piety under Makhleb
 13202 | Lair:5   | Reached skill level 10 in Evocations
 14035 | Lair:6   | Entered Level 6 of the Lair of Beasts
 14254 | Lair:6   | Reached skill level 10 in Fighting
 14272 | Lair:6   | Gained mutation: You resist negative energy. (rN+) [Deep Dwarf growth]
 14272 | Lair:6   | Reached XP level 14. HP: 99/132 MP: 7/7
 15879 | D:12     | Noticed Frances
 15901 | D:12     | Killed Frances
 16022 | D:12     | Reached ****** piety under Makhleb
 16045 | D:12     | Noticed Nergalle
 16053 | D:12     | Killed Nergalle
 16093 | D:12     | Noticed Sonja
 16113 | D:12     | Killed Sonja
 16151 | D:12     | Found a blossoming altar of Fedhas.
 16638 | D:13     | Found a gate to the Vaults.
 16943 | D:13     | Found Kapecy's Antique Weapon Boutique.
 16968 | D:13     | Bought a twisted hand axe for 216 gold pieces
 16968 | D:13     | Bought a brightly glowing hand axe for 216 gold pieces
 16968 | D:13     | Identified the +5 hand axe "Durchibox" {venom, rF+} (You bought it in a shop on level 13 of the Dungeon)
 16972 | D:13     | Identified the +5 hand axe of Becleagg {elec, -Tele +Rage rElec Stlth+} (You bought it in a shop on level 13 of the Dungeon)
 18027 | D:15     | Entered Level 15 of the Dungeon
 18051 | D:14     | DIGG FLIGHT
 18118 | D:15     | Reached XP level 15. HP: 134/141 MP: 9/9
 18121 | D:15     | Noticed Agnes
 18155 | D:15     | Killed Agnes
 18517 | D:15     | Found a staircase to the Depths.
 19175 | Orc:1    | Entered Level 1 of the Orcish Mines
 19411 | Orc:2    | Entered Level 2 of the Orcish Mines
 19949 | Orc:2    | Found a radiant altar of Vehumet.
 20059 | Orc:2    | Found a staircase to the Elven Halls.
 20077 | Orc:2    | Found a roughly hewn altar of Beogh.
 20115 | Orc:2    | Noticed an orc warlord
 20132 | Orc:2    | Killed an orc warlord
 20238 | Orc:2    | Found Latozas's General Store.
 20514 | Orc:2    | Found Liulet's Antique Armour Boutique.
 20514 | Orc:2    | Found Sugh's Antique Weapon Boutique.
 20516 | Orc:2    | Found Sento's Book Shop.
 20520 | Orc:2    | Bought a potion of mutation for 96 gold pieces
 20520 | Orc:2    | Bought a wand of iceblast (14) for 216 gold pieces
 20531 | Orc:2    | Bought an encrusted war axe for 289 gold pieces
 20531 | Orc:2    | Identified the +7 war axe of Icuqur {venom, rF- rC++ Str+3} (You bought it in a shop on level 2 of the Orcish Mines)
 21027 | Snake:1  | Entered Level 1 of the Snake Pit
 21513 | Snake:1  | Found a glowing silver altar of Zin.
 21855 | Snake:1  | Reached XP level 16. HP: 152/152 MP: 11/11
 22240 | Snake:2  | Found a frozen archway.
 22249 | IceCv    | Entered an ice cave
 22354 | IceCv    | Noticed an Ice Fiend
 22366 | IceCv    | Killed an Ice Fiend
 23354 | Snake:3  | Noticed Roxanne
 23895 | Snake:3  | Reached skill level 15 in Evocations
 24401 | Snake:4  | Entered Level 4 of the Snake Pit
 24667 | Snake:4  | Identified a scroll of acquirement
 24849 | Snake:4  | Reached XP level 17. HP: 137/162 MP: 12/12
 25015 | Snake:4  | Noticed Vashnia
 25084 | Snake:4  | Killed Vashnia
 25131 | Snake:4  | Reached skill level 15 in Shields
 25192 | Snake:4  | Reached skill level 15 in Armour
 25609 | Snake:4  | Got a serpentine rune of Zot
 25776 | Shoals:1 | Entered Level 1 of the Shoals
 25881 | Shoals:1 | Reached skill level 15 in Axes
 26706 | Shoals:2 | Noticed a kraken
 26740 | Shoals:2 | Killed a kraken
 26997 | Shoals:3 | Noticed a kraken
 26997 | Shoals:3 | Noticed a kraken
 26997 | Shoals:3 | Noticed a kraken
 26997 | Shoals:3 | Noticed a kraken
 26997 | Shoals:3 | Noticed Ilsuiw
 27170 | Shoals:3 | Killed a kraken
 27170 | Shoals:3 | Killed a kraken
 27341 | Shoals:3 | Gained mutation: You passively map a large area around you. [Deep Dwarf growth]
 27341 | Shoals:3 | Reached XP level 18. HP: 172/172 MP: 14/14
 27530 | Shoals:3 | Killed Ilsuiw
 27816 | Shoals:4 | Entered Level 4 of the Shoals
 28188 | Shoals:4 | Identified the ring of Surprise {rPois rC+ MP+9 Str+4 Int-2} (You took it off a merfolk on level 4 of the Shoals)
 28223 | Shoals:4 | Got a barnacled rune of Zot
 28273 | Shoals:4 | Found Ciam Bul's Antique Armour Shop.
 28350 | Shoals:4 | Identified the ring "Buicvysh" {rF+++ Str+9 Int-4 Dex+3 Slay-3} (You took it off a merfolk on level 4 of the Shoals)
 28357 | Shoals:4 | Bought a pair of heavily runed boots for 342 gold pieces
 28357 | Shoals:4 | Identified the +2 pair of boots of Oggu Maw {*Corrode Int+3} (You bought it in a shop on level 4 of the Shoals)
 29328 | D:14     | Got a steaming lapis lazuli ring
 29373 | D:14     | Identified the ring "Zotryfaw" {Str+4 Int+3} (You found it on level 14 of the Dungeon)
 29421 | Vaults:1 | Entered Level 1 of the Vaults
 29436 | Vaults:1 | Found Kuolih's Antique Armour Boutique.
 29455 | Vaults:1 | Bought a crude plate armour for 1092 gold pieces
 29455 | Vaults:1 | Identified the +9 plate armour of Immorality {rC++} (You bought it in a shop on level 1 of the Vaults)
 29612 | Vaults:1 | Paralysed by an orc sorcerer for 4 turns
 30302 | Vaults:1 | Reached XP level 19. HP: 182/182 MP: 15/15
 30879 | Vaults:2 | Found a staircase to the Crypt.
 31335 | Vaults:2 | Noticed a lich
 31351 | Vaults:2 | Killed a lich
 32654 | Vaults:3 | Reached XP level 20. HP: 193/193 MP: 17/17
 32717 | Vaults:3 | Found a runed gate.
 32717 | Vaults:3 | Found a runed gate.
 32717 | Vaults:3 | Found a runed gate.
 32888 | Vaults:3 | Reached skill level 15 in Fighting
 32989 | Vaults:3 | Identified the +7 plate armour "Byemohaf" {rC- Regen+ Str-5 Int+8} (You found it on level 3 of the Vaults)
 33498 | Vaults:3 | Noticed Exkageocw's ghost (adept DECj)
 33501 | Vaults:3 | Found an iron altar of Okawaru.
 33755 | Vaults:4 | Found a large runed door.
 33755 | Vaults:4 | Found a large runed door.
 33776 | Vaults:4 | Noticed Erid's ghost (adept DDFi)
 33800 | Vaults:4 | Noticed Jorgrun
 33827 | Vaults:4 | Killed Jorgrun
 34019 | Vaults:4 | Noticed Saint Roka
 34040 | Vaults:4 | Killed Saint Roka
 34822 | Vaults:4 | Reached XP level 21. HP: 201/201 MP: 18/18
 35088 | Vaults:5 | Entered Level 5 of the Vaults
 35099 | Vaults:5 | Noticed an ancient lich
 35112 | Vaults:5 | Killed an ancient lich
 35151 | Vaults:5 | Noticed a golden dragon
 35153 | Vaults:5 | Noticed a golden dragon
 35190 | Vaults:5 | Killed a golden dragon
 35193 | Vaults:5 | Killed a golden dragon
 35213 | Vaults:5 | Got a faintly glowing platinum amulet
 35214 | Vaults:5 | Identified the amulet "Poczerph" {Acrobat -Tele rElec MR++ Dex+4} (You found it on level 5 of the Vaults)
 35333 | Vaults:5 | Noticed a golden dragon
 35351 | Vaults:5 | Killed a golden dragon
 35418 | Vaults:5 | Identified the amulet of Lagg {+Rage rF+ Dex+2} (You found it on level 5 of the Vaults)
 35531 | Vaults:5 | Found the +11 plutonium sword {*Contam Stlth-}
 35583 | Vaults:5 | Noticed an ancient lich
 35597 | Vaults:5 | Killed an ancient lich
 35653 | Vaults:5 | Identified the ring "Arip" {Ice Str+2} (You took it off a deep elf demonologist on level 5 of the Vaults)
 35664 | Vaults:5 | Identified the +2 pair of boots of Yguasirph {rC+} (You found it on level 5 of the Vaults)
 35705 | Vaults:5 | Reached XP level 22. HP: 200/213 MP: 20/20
 36349 | Vaults:5 | Noticed a golden dragon
 36363 | Vaults:5 | Killed a golden dragon
 36547 | Vaults:5 | Got a silver rune of Zot
 37083 | Elf:1    | Entered Level 1 of the Elven Halls
 37110 | Elf:1    | Found a radiant altar of Vehumet.
 37248 | Elf:1    | Found Ineb's Antique Armour Emporium.
 37277 | Elf:1    | Bought a pair of jewelled boots for 304 gold pieces
 37277 | Elf:1    | Identified the cursed +0 pair of boots of Valiance {rPois rF- Str+2 Dex+3} (You bought it in a shop on level 1 of the Elven Halls)
 38138 | Elf:2    | Found a ruined gateway.
 38146 | Elf:2    | Found Duajee's Gadget Shop.
 38156 | Elf:2    | Bought a box of beasts for 280 gold pieces
 38156 | Elf:2    | Bought a wand of scattershot (7) for 462 gold pieces
 38156 | Elf:2    | Bought a wand of acid (11) for 420 gold pieces
 38163 | Desolati | Entered the Desolation of Salt
 38326 | Desolati | Reached XP level 23. HP: 225/225 MP: 22/22
 38353 | Desolati | Got a vibrating ivory ring
 38354 | Desolati | Identified the ring "Keicum" {rCorr Dex+4} (You found it in the Desolation of Salt)
 38392 | Desolati | Identified the +7 plate armour of Gyl Quduado {Regen+ Str+6 Dex-4} (You found it in the Desolation of Salt)
 38501 | Desolati | Got a pitted golden ring
 38502 | Desolati | Identified the ring of Mykkah {MP+9 Str+3 Int+3} (You found it in the Desolation of Salt)
 38647 | Elf:2    | Found a roughly hewn altar of Beogh.
 38980 | Elf:2    | Found a runed gate.
 38980 | Elf:2    | Found a runed gate.
 38992 | Elf:2    | Found a runed gate.
 39185 | Elf:3    | Entered Level 3 of the Elven Halls
 39185 | Elf:3    | Noticed Bai Suzhen
 39188 | Elf:3    | Found the +8 whip "Snakebite" {curare, rPois}
 39214 | Elf:3    | Killed Bai Suzhen
 39658 | Elf:3    | Found the +5 pair of quick blades "Gyre" and "Gimble" {pierce, Dex-3}
 39712 | Elf:3    | Found the +10 dark maul {crush}
 39719 | Elf:3    | Identified the +2 war axe "Yrenta" {vamp, rC+} (You found it on level 3 of the Elven Halls)
 39746 | Elf:3    | Identified the +0 helmet "Ushiav" {Dex+4} (You found it on level 3 of the Elven Halls)
 40477 | Depths:1 | Entered Level 1 of the Depths
 40478 | Depths:1 | Found a one-way gate to the infinite horrors of the Abyss.
 40569 | Depths:1 | Found a gateway to Hell.
 40625 | Depths:1 | Found Nefulegh's Gadget Shop.
 40626 | Depths:1 | Found Suof's Jewellery Shoppe.
 40627 | Depths:1 | Found Zobo's Gadget Shop.
 40665 | Depths:1 | Found a gateway to a ziggurat.
 40667 | Depths:1 | Noticed Nikola
 40702 | Depths:1 | Killed Nikola
 41039 | Depths:1 | Noticed Mara
 41043 | Depths:1 | Noticed kuniqs's illusion
 41064 | Depths:1 | Killed Mara
 41313 | Depths:1 | Identified the +2 hat "Oheaka" {rC+} (You found it on level 1 of the Depths)
 41323 | Depths:1 | Found a radiant altar of Vehumet.
 41329 | Depths:1 | Reached XP level 24. HP: 238/238 MP: 19/19
 41334 | Depths:1 | Identified the +2 hat "Wyuv" {rF++ Regen+ Str-3 Dex+2} (You found it on level 1 of the Depths)
 41336 | Depths:1 | Identified the cursed +0 hat "Gacek" {rPois rF- rN+ Slay+2} (You found it on level 1 of the Depths)
 41505 | Depths:1 | Bought a +6 ring of evasion for 858 gold pieces
 42072 | Depths:2 | Found Wodo's Distillery.
 42079 | Depths:2 | Bought a potion of mutation for 160 gold pieces
 42432 | Depths:3 | Found a one-way gate leading to the halls of Pandemonium.
 42539 | Depths:3 | Found a runed door.
 42542 | Depths:3 | Noticed Deseum's ghost (veteran DEFE)
 43816 | Depths:3 | Reached XP level 25. HP: 252/252 MP: 20/20
 43851 | Depths:3 | Identified the amulet of Pragmatism {+Rage +Inv rC- MR+} (You found it on level 3 of the Depths)
 45042 | Depths:5 | Entered Level 5 of the Depths
 45047 | Depths:5 | Noticed a juggernaut
 45092 | Depths:5 | Killed a juggernaut
 45687 | Depths:5 | Found Suript's Gadget Shoppe.
 45695 | Depths:5 | Found Zunifuba's Antique Weapon Shoppe.
 45954 | Depths:5 | Found a gate to the Realm of Zot.
 46259 | Depths:5 | Reached skill level 27 in Evocations
 46418 | Zot:1    | Entered Level 1 of the Realm of Zot
 46503 | Zot:1    | Reached XP level 26. HP: 266/266 MP: 21/21
 47612 | Zot:2    | Noticed an orb of fire
 47632 | Zot:2    | Gained mutation: You are very dopey. (Int -4) [an orb of fire]
 47637 | Zot:2    | Killed an orb of fire
 48469 | Zot:3    | Reached XP level 27. HP: 285/285 MP: 21/21
 49549 | Zot:4    | Found a runed door.
 49549 | Zot:4    | Noticed Wehose's ghost (master GnSk)
 49584 | Zot:5    | Entered Level 5 of the Realm of Zot
 49728 | Zot:5    | Noticed an ancient lich
 49742 | Zot:5    | Killed an ancient lich
 49841 | Zot:5    | Noticed an ancient lich
 49850 | Zot:5    | Killed an ancient lich
 49982 | Zot:5    | Noticed an orb of fire
 49984 | Zot:5    | Gained mutation: You are weak. (Str -2) [an orb of fire]
 49992 | Zot:5    | Gained mutation: You have sharp toenails. [an orb of fire]
 49995 | Zot:5    | Killed an orb of fire
 49996 | Zot:5    | Noticed an orb of fire
 49998 | Zot:5    | Noticed an ancient lich
 50000 | Zot:5    | Gained mutation: Your magical capacity is low. (-10% MP) [an orb of fire]
 50003 | Zot:5    | Gained mutation: You are very weak. (Str -4) [an orb of fire]
 50007 | Zot:5    | Gained mutation: Armour fits poorly on your strangely shaped body. [an orb of fire]
 50011 | Zot:5    | Killed an orb of fire
 50021 | Zot:5    | Killed an ancient lich
 50022 | Zot:5    | Lost mutation: You are very dopey. (Int -4) [potion of mutation]
 50022 | Zot:5    | Lost mutation: You are agile. (Dex +2) [potion of mutation]
 50022 | Zot:5    | Lost mutation: You are very weak. (Str -4) [potion of mutation]
 50022 | Zot:5    | Lost mutation: Your magical capacity is low. (-10% MP) [potion of mutation]
 50022 | Zot:5    | Gained mutation: Your flesh is cold resistant. (rC+) [potion of mutation]
 50023 | Zot:5    | Lost mutation: Armour fits poorly on your strangely shaped body. [potion of mutation]
 50023 | Zot:5    | Gained mutation: You are agile. (Dex +2) [potion of mutation]
 50023 | Zot:5    | Gained mutation: You possess an exceptional clarity of mind. [potion of mutation]
 50023 | Zot:5    | Gained mutation: You expend magic power (3 MP) to strengthen your wands. [potion of mutation]
 50023 | Zot:5    | Gained mutation: You are partially covered in large bone plates. (SH +4) [potion of mutation]
 50032 | Zot:5    | Noticed an orb of fire
 50039 | Zot:5    | Killed an orb of fire
 50039 | Zot:5    | Noticed an orb of fire
 50048 | Zot:5    | Killed an orb of fire
 50120 | Zot:5    | Noticed an ancient lich
 50130 | Zot:5    | Killed an ancient lich
 50130 | Zot:5    | Reached skill level 27 in Fighting
 50148 | Zot:5    | Noticed an orb of fire
 50156 | Zot:5    | Gained mutation: You are very dopey. (Int -4) [an orb of fire]
 50164 | Zot:5    | Killed an orb of fire
 50218 | Zot:5    | Got the Orb of Zot
 50221 | Zot:5    | Noticed Voch the pandemonium lord
 50226 | Zot:5    | Killed Voch the pandemonium lord
 50661 | D:14     | Noticed Giulifif the pandemonium lord
 50732 | D:10     | Gained mutation: Scrolls take you a little longer to read. [a neqoxec]
 50741 | D:10     | Lost mutation: You are weak. (Str -2) [potion of mutation]
 50741 | D:10     | Lost mutation: You expend magic power (3 MP) to strengthen your wands. [potion of mutation]
 50741 | D:10     | Gained mutation: You are mostly covered in large bone plates. (SH +6) [potion of mutation]
 50741 | D:10     | Gained mutation: You expend magic power (3 MP) to strengthen your wands. [potion of mutation]
 50907 | D:4      | Noticed Lapeklee the pandemonium lord
 50916 | D:4      | Killed Lapeklee the pandemonium lord
 50974 | D:$      | Escaped with the Orb!

Vault maps used:
D:1:      grunt_arrival_lava_bath, minivault_11
D:2:      cheibrodos_pilgrimage, okawaru_gym_becter, serial_undead,
          serial_undead_c, serial_undead_a, serial_undead_b, serial_undead_f,
          first_ration
D:3:      ebering_ghost_rock_garden, uniq_sigmund, uniq_terence
D:4:      minitemple
D:5:      gup_ossuary_entry_pyramid, lightli_church_of_beogh
D:6:      temple_hall, gammafunk_ghost_cemetery
D:7:      nicolae_dithmenos_through_a_glass_darkly, marbit_many_paths,
          serial_shops, shop, ebering_ghost_disaster_area, hex_medium,
          minmay_nine_imps
D:8:      vehumet_statue, kennysheep_mini_moat, david_lair_shrubbed,
          blue_anna_alchemist, basic_loot_grate_trap
D:9:      orc_david_3, grunt_ministairs_13, hangedman_glass_teeth, st_stairs_1,
          minmay_holes, nicolae_tso_swordbearing_angel
D:10:     hangedman_screamer, grunt_ministairs_10
D:11:     nicolae_qazlal_style_of_elements
D:12:     tgw_fedhas, uniq_frances, uniq_nergalle, uniq_sonja
D:13:     erik_vaults_1, serial_shops, shop
D:14:     statuecave_lemuel
D:15:     grunt_enter_depths_hoard, hangedman_abyss_or_decor_clamps, uniq_agnes
Temple:   regret_index_temple_generic_petals
Lair:1:   lemuel_fruit_tree, minmay_lair_oklob_chamber, grunt_megastairs_2
Lair:2:   elwin_shoals_entry_stream, minmay_snake_entry_spellcaster,
          minmay_lindwurm_lava
Lair:3:   serial_bayou_pond_e
Lair:4:   minivault_25
Lair:5:   regret_index_bee_streams, slime_altar_1
Lair:6:   minmay_lair_end_frog_pond, minmay_lair_oklob_bushes
Shoals:1: cheibrodos_shoals_baths
Shoals:3: nicolae_shoals_kraken_party, uniq_ilsuiw
Shoals:4: shoals_end_grunt_ice, serial_shops, nicolae_shop_overgrown_old_shop
Snake:1:  basic_altar
Snake:2:  portal_ice_cave_entry_pillars_four, serial_bayou_shore_a
Snake:3:  abandoned_shop, uniq_roxanne
Snake:4:  johnstein_snake_rune_scales
Orc:1:    mines3_lemuel
Orc:2:    st_orc_congregation, basic_altar, minmay_orc_temple_a
Elf:1:    eino_elf_arrival_altar, serial_shops, nicolae_shop_stone,
          kennysheep_underground_church
Elf:2:    serial_shops, shop, portal_desolation_entry_nicolae_slug,
          special_room, spider_trap, fake_guardian_serpent_vault
Elf:3:    minmay_elf_hall_quartered_circle, uniq_bai_suzhen
Vaults:1: nicolae_vaults_arrows, st_octagons_1, vaults_mumra_minichess,
          v_misc_14, ontoclasm_vaults_bender, vaults_dpeg_ring, serial_shops,
          nicolae_shop_waterfront
Vaults:2: v_misc_19, v_misc_30, vaults_mumra_minichess_inversion,
          vaults_room_fancy_cross, v_misc_2, st_lines,
          hangedman_vaults_corner_blocks, ontoclasm_vaults_decontamination,
          grunt_vaults_swirl, minmay_crypt_entry_simple_sparse,
          vaults_mumra_chevron, v_rooms_1, nicolae_vaults_network_quinsquares,
          nicolae_vaults_specimen_jars, ontoclasm_vaults_ring_small,
          vaults_dpeg_diagonal
Vaults:3: gammafunk_vaults_ghost_fury_of_okawaru, v_rooms_3,
          grunt_vaults_funnel, v_pattern_4, v_misc_5,
          ontoclasm_vaults_claustrophobia, ontoclasm_vaults_ring_small,
          v_rooms_5, v_misc_18, v_misc_15
Vaults:4: ebering_vaults_ghost_disaster_area, v_pattern_1,
          nicolae_vaults_network_barrier, v_alt_pattern_4, grunt_vaults_twisty,
          v_rooms_2, nicolae_vaults_murderbox, vaults_room_grunt_arrival_ludios,
          nicolae_vaults_gold_heap, vaults_mumra_hexcomb, uniq_saint_roka,
          uniq_jorgrun
Vaults:5: serial_shops
Depths:1: enter_ziggurat_c, serial_glass, glass_columns_a, glass_columns_c,
          glass_columns_c, glass_columns_a, glass_columns_b, glass_columns_a,
          glass_columns_c, glass_columns_a, item_on_display_a,
          item_on_display_b, feat_on_display, hell_entry, abyss_entry,
          minmay_misc_feat_four_crosses, serial_bayou_pond_c,
          grunt_tower_of_power, serial_bayou_shore_b, minmay_shop_grove,
          uniq_mara, uniq_nikola
Depths:2: evilmike_inaccessible_box, hell_entry, serial_shops, shop,
          abyss_entry, minmay_misc_feat_diagonals,
          infiniplex_staircase_pillars_1
Depths:3: kennysheep_snake, pan_entry, hell_entry,
          muffindrake_ghost_dead_mans_drink, minivault_12
Depths:4: constructs_gauntlet_mu_hangedman, abyss_entry,
          kennysheep_big_empty_room, special_room, serial_column_ruins,
          column_ruins_hut, column_ruins_grid_1, column_ruins_grid_1,
          column_ruins_open_large, grunt_hell_entry_dis_mu
Depths:5: grunt_zot_entry_hairpin, minmay_crystal_room, hell_entry,
          kennysheep_random_hallway, minmay_shop_star
Zot:2:    hangedman_zot_vaults_quadrants
Zot:4:    ebering_ghost_reflecting_pool, nrook_zot_tub
Ossuary:  ossuary_tomb_3
IceCv:    ice_cave_tombish

Skill      XL: |  1  2  3  4  5  6  7  8  9 10 11 12 13 14 15 16 17 18 19 20 21 22 23 24 25 26 27 |
---------------+----------------------------------------------------------------------------------+-----
Dodging        | 1 2 3 4 5 6 7 8 9 10 14 | 14.1
Fighting       | 3 4 5 6 7 8 10 11 12 13 14 15 16 17 18 19 21 24 27 | 27.0
Axes           | 3 4 5 6 7 9 10 11 12 13 14 15 16 17 18 | 18.0
Armour         | 4 5 6 7 8 9 10 11 12 13 14 15 16 17 18 19 21 22 | 22.0
Shields        | 4 5 6 7 8 9 10 11 12 13 14 15 16 17 18 19 20 | 20.0
Invocations    | 3 5 6 8 |  8.0
Evocations     | 3 5 7 9 11 12 14 15 16 17 18 19 20 22 23 25 27 | 27.0
Spellcasting   | |  0.3

Action                   |  1- 3 |  4- 6 |  7- 9 | 10-12 | 13-15 | 16-18 | 19-21 | 22-24 | 25-27 || total
-------------------------+-------+-------+-------+-------+-------+-------+-------+-------+-------++-------
Melee: War axe           |    86 |   159 |   372 |   154 |    85 |       |       |       |       ||   856
       Dagger            |       |    11 |   197 |   125 |       |       |       |       |       ||   333
       Short sword       |       |       |       |   293 |       |       |       |       |       ||   293
       Broad axe         |       |       |       |   166 |   150 |   793 |  1342 |  1796 |  1882 ||  6129
       Whip              |       |       |       |   519 |   932 |       |       |       |       ||  1451
       Hand axe          |       |       |       |       |   723 |  1068 |       |       |       ||  1791
Throw: Javelin           |       |       |    18 |     8 |       |       |       |       |       ||    26
Invok: Lesser Servant of |       |       |       |    21 |    16 |     2 |       |     4 |       ||    43
 Abil: Heal Wounds       |     1 |     4 |    17 |    29 |     5 |     5 |       |     6 |       ||    67
       Evoke Ratskin     |       |       |       |       |       |       |       |     6 |       ||     6
Evoke: Wand              |       |       |     3 |    22 |    10 |    80 |    19 |    32 |    53 ||   219
       Lightning rod     |       |       |       |     2 |     2 |     4 |       |       |       ||     8
       Box of beasts     |       |       |       |     1 |       |       |       |     2 |     2 ||     5
       Lamp of fire      |       |       |       |       |     1 |       |       |       |       ||     1
       Sack of spiders   |       |       |       |       |       |       |       |       |     2 ||     2
  Use: Potion            |       |     2 |     6 |     4 |       |     1 |     1 |     1 |     5 ||    20
       Scroll            |       |     2 |    14 |     9 |     8 |    24 |     7 |    18 |     6 ||    88
 Stab: Distracted        |       |       |       |       |     9 |     2 |     1 |     2 |     2 ||    16
       Paralysed         |       |       |       |       |       |     2 |       |       |       ||     2
  Eat: Chunk             |       |     3 |    15 |    20 |    33 |    19 |    17 |    23 |    24 ||   154
       Ration            |       |       |       |     1 |       |     4 |       |     2 |     2 ||     9
Armor: Chain mail        |    58 |    95 |   272 |   578 |   478 |   443 |       |       |       ||  1924
       Scale mail        |     1 |       |       |       |       |       |       |       |       ||     1
       Skin              |       |       |    11 |       |       |       |       |       |       ||    11
       Plate armour      |       |       |       |       |       |    72 |   473 |   462 |   656 ||  1663
Dodge: Dodged            |    39 |    49 |   164 |   573 |   374 |   437 |   323 |   521 |   824 ||  3304
Block: Shield            |    60 |   102 |   406 |   893 |   143 |       |       |       |       ||  1604
       Large shield      |       |       |       |       |  1698 |  2152 |  1498 |  1723 |  2314 ||  9385
       Reflection        |       |       |       |       |    60 |   230 |    89 |       |       ||   379

Table legend:
 A = Spawn XP
 B = Non-spawn XP
 C = Spawn XP percentage of total XP
 D = Spawn monster count
 E = Non-spawn monster count
 F = Spawn count percentage of total count
 G = Total turns spent on level
                    A         B        C        D         E        F      G
               +---------+---------+-------+---------+---------+-------+---------
         Total |       0 | 1775470 |   0.0 |       0 |    2616 |   0.0 | 50974
               +---------+---------+-------+---------+---------+-------+---------
           D:1 |       0 |      32 |   0.0 |       0 |      17 |   0.0 |   640
           D:2 |       0 |     196 |   0.0 |       0 |      35 |   0.0 |   776
           D:3 |       0 |     534 |   0.0 |       0 |      46 |   0.0 |   776
           D:4 |       0 |     183 |   0.0 |       0 |      15 |   0.0 |   671
           D:5 |       0 |     554 |   0.0 |       0 |      36 |   0.0 |   879
           D:6 |       0 |     427 |   0.0 |       0 |      18 |   0.0 |   816
           D:7 |       0 |    1177 |   0.0 |       0 |      29 |   0.0 |   708
           D:8 |       0 |    2262 |   0.0 |       0 |      18 |   0.0 |   932
           D:9 |       0 |    2008 |   0.0 |       0 |      27 |   0.0 |   981
          D:10 |       0 |    7716 |   0.0 |       0 |      57 |   0.0 |  1279
          D:11 |       0 |    4075 |   0.0 |       0 |      56 |   0.0 |   942
          D:12 |       0 |    7697 |   0.0 |       0 |      52 |   0.0 |  1049
          D:13 |       0 |    4512 |   0.0 |       0 |      18 |   0.0 |   850
          D:14 |       0 |    6624 |   0.0 |       0 |      25 |   0.0 |   975
          D:15 |       0 |   24200 |   0.0 |       0 |      38 |   0.0 |  1106
        Lair:1 |       0 |    2404 |   0.0 |       0 |      12 |   0.0 |   940
        Lair:2 |       0 |    9808 |   0.0 |       0 |      41 |   0.0 |  1288
        Lair:3 |       0 |    2158 |   0.0 |       0 |      10 |   0.0 |   761
        Lair:4 |       0 |    2206 |   0.0 |       0 |      16 |   0.0 |   624
        Lair:5 |       0 |   22117 |   0.0 |       0 |      92 |   0.0 |  1715
        Lair:6 |       0 |   20990 |   0.0 |       0 |      94 |   0.0 |  1315
      Shoals:1 |       0 |   13693 |   0.0 |       0 |      29 |   0.0 |   623
      Shoals:2 |       0 |    7305 |   0.0 |       0 |      14 |   0.0 |   676
      Shoals:3 |       0 |   26078 |   0.0 |       0 |      42 |   0.0 |   772
      Shoals:4 |       0 |   34254 |   0.0 |       0 |      61 |   0.0 |  1071
       Snake:1 |       0 |   14968 |   0.0 |       0 |      33 |   0.0 |  1170
       Snake:2 |       0 |   22183 |   0.0 |       0 |      43 |   0.0 |   840
       Snake:3 |       0 |   14445 |   0.0 |       0 |      30 |   0.0 |  1075
       Snake:4 |       0 |   56756 |   0.0 |       0 |      93 |   0.0 |  1280
         Orc:1 |       0 |    1747 |   0.0 |       0 |      17 |   0.0 |   584
         Orc:2 |       0 |   17568 |   0.0 |       0 |     136 |   0.0 |  1303
         Elf:1 |       0 |   29238 |   0.0 |       0 |      44 |   0.0 |   972
         Elf:2 |       0 |   28138 |   0.0 |       0 |      55 |   0.0 |   801
         Elf:3 |       0 |   67083 |   0.0 |       0 |      65 |   0.0 |  1030
      Vaults:1 |       0 |   41777 |   0.0 |       0 |      71 |   0.0 |  1431
      Vaults:2 |       0 |   72407 |   0.0 |       0 |     107 |   0.0 |  1568
      Vaults:3 |       0 |   54708 |   0.0 |       0 |      89 |   0.0 |  1223
      Vaults:4 |       0 |   85350 |   0.0 |       0 |     117 |   0.0 |  1573
      Vaults:5 |       0 |  194373 |   0.0 |       0 |     159 |   0.0 |  1687
      Depths:1 |       0 |   49496 |   0.0 |       0 |      53 |   0.0 |  1066
      Depths:2 |       0 |   21741 |   0.0 |       0 |      24 |   0.0 |   869
      Depths:3 |       0 |  142671 |   0.0 |       0 |     104 |   0.0 |  1730
      Depths:4 |       0 |   55202 |   0.0 |       0 |      70 |   0.0 |   974
      Depths:5 |       0 |   94021 |   0.0 |       0 |      85 |   0.0 |  1540
         Zot:1 |       0 |   68986 |   0.0 |       0 |      42 |   0.0 |   902
         Zot:2 |       0 |   98033 |   0.0 |       0 |      59 |   0.0 |   878
         Zot:3 |       0 |   46423 |   0.0 |       0 |      21 |   0.0 |   759
         Zot:4 |       0 |   52721 |   0.0 |       0 |      29 |   0.0 |   701
         Zot:5 |       0 |  204712 |   0.0 |       0 |      76 |   0.0 |   704
       Ossuary |       0 |     163 |   0.0 |       0 |      16 |   0.0 |   263
         IceCv |       0 |    7008 |   0.0 |       0 |      19 |   0.0 |   345
    Desolation |       0 |   30342 |   0.0 |       0 |      61 |   0.0 |   383
               +---------+---------+-------+---------+---------+-------+---------
